 Dungeon Crawl Stone Soup version 0.18-a0-888-gdb73dea (webtiles) character file.

14350 namelastname112 the Arsonist (level 11, -11/74 HPs)
             Began as a Yellow Draconian Fire Elementalist on Dec 23, 2015.
             Was an Elder of Vehumet.
             Hit by a large rock thrown by a cyclops (46 damage)
             ... on level 11 of the Dungeon.
             The game lasted 00:40:20 (14765 turns).

namelastname112 the Arsonist (DrFE)                Turns: 14765, Time: 00:40:23

Health: -11/74     AC:  9    Str: 11    XL:     11   Next: 87%
Magic:  31/33      EV: 12    Int: 24    God:    Vehumet [****..]
Gold:   375        SH:  0    Dex: 11    Spells: 5 memorised, 13 levels left

rFire  . . .     SeeInvis .     I - +2 quarterstaff (chaos)
rCold  + . .     Gourm    .     (armour unavailable)
rNeg   . . .     Faith    .     (shield currently unavailable)
rPois  .         Spirit   .     (helmet restricted)
rElec  .         Dismiss  .     k - +0 cloak
rCorr  +         Reflect  .     (no gloves)
SustAt .         Harm     .     z - +0 pair of boots "Vuefebbo" {*Confuse Int+5} (curse)
MR     .....                    (no amulet)
Stlth  +++.......               F - ring of stealth
                                d - ring of magical power

@: flying, not resistant to hostile enchantments, fairly stealthy
A: spit acid, acid resistance, unfitting armour, big wings, cold resistance 1,
screaming 2, cold-blooded, AC +7
a: Spit Acid, Stop Flying, Renounce Religion


You were on level 11 of the Dungeon.
You worshipped Vehumet.
Vehumet was greatly pleased with you.
You were not hungry.

You visited 2 branches of the dungeon, and saw 12 of its levels.

You collected 689 gold pieces.
You spent 314 gold pieces at shops.

Inventory:

Hand Weapons
 g - a +1 dagger of venom
 I - a +2 quarterstaff of chaos (weapon)
Armour
 k - a +0 cloak (worn)
 z - the cursed +0 pair of boots "Vuefebbo" (worn) {*Confuse Int+5}
   (You found it on level 9 of the Dungeon)

   It affects your intelligence (+5).
   It may confuse you when you take damage.
   It has a curse placed upon it.
 L - a +0 pair of boots
Magical Staves
 K - an uncursed staff of earth
Jewellery
 d - a ring of magical power (left hand)
 w - an uncursed amulet of harm
 F - a ring of stealth (right hand)
 H - an uncursed ring of invisibility
 O - an uncursed ring of ice
Wands
 p - a wand of frost (27/48)
 t - a wand of lightning (3/15)
Scrolls
 e - 5 scrolls of amnesia
 j - 8 scrolls of identify
 l - a scroll of blinking
 m - 4 scrolls of magic mapping
 o - 7 scrolls of remove curse
 q - 2 scrolls of silence {unknown}
 r - 5 scrolls of noise
 v - a scroll of immolation
 y - 3 scrolls of recharging
 A - a scroll of fear
 B - 3 scrolls of enchant armour
 D - a scroll of random uselessness {unknown}
 E - a scroll of vulnerability {unknown}
 G - a scroll of fog {unknown}
Potions
 c - a potion of brilliance {unknown}
 f - a potion of haste
 i - 2 potions of degeneration
 n - a potion of lignification
 s - 4 potions of curing
 u - 2 potions of ambrosia {unknown}
 x - a potion of agility
 C - a potion of resistance
 J - 2 potions of cure mutation {unknown}
 M - 2 potions of invisibility
Books
 a - a book of Flames

   Spells                             Type                      Level
   a - Flame Tongue                   Conjuration/Fire             1
   b - Throw Flame                    Conjuration/Fire             2
   c - Conjure Flame                  Conjuration/Fire             3
   d - Inner Flame                    Hexes/Fire                   3
   e - Sticky Flame                   Conjuration/Fire             4
   f - Fireball                       Conjuration/Fire             5
Comestibles
 b - 8 bread rations
 h - 3 royal jellies


   Skills:
 - Level 1.7 Dodging
 - Level 1.7 Stealth
 + Level 9.5 Spellcasting
 + Level 10.1 Conjurations
 * Level 13.2 Fire Magic


You had 13 spell levels left.
You knew the following spells:

 Your Spells              Type           Power        Failure   Level  Hunger
a - Conjure Flame         Conj/Fire      ######..     1%          3    None
b - Ignite Poison         Fire/Trmt/Pois ####....     1%          3    None
s - Fireball              Conj/Fire      ######....   1%          5    ####...
x - Sticky Flame          Conj/Fire      ######..     1%          4    ##.....
z - Flame Tongue          Conj/Fire      #####        1%          1    None


Dungeon Overview and Level Annotations

Branches:
Dungeon (11/15)            Temple (1/1) D:5            Lair (0/8) D:9
    Orc (0/2) D:9

Altars:
Ashenzari
Cheibriados
Dithmenos
Elyvilon
Fedhas
Gozag
Kikubaaqudgha
Makhleb
Nemelex Xobeh
Okawaru
Pakellas
Qazlal
Ru
Sif Muna
Trog
Vehumet
Xom
Yredelemnul
Zin
The Shining One

Shops:
D:5 *   D:7 *


Innate Abilities, Weirdness & Mutations

You can spit globs of acid.
You are resistant to acid.
Your golden yellow scales are hard (AC +7).
Your body does not fit into most forms of armour.
You are cold-blooded and may be slowed by cold attacks.
Your large and strong wings let you fly indefinitely.
Your flesh is cold resistant.
You sometimes yell uncontrollably at your foes.


Message History

Confirm with . or Enter, or press ? or * to list all spells.
Aiming: Flame Tongue
Press: ? - help, Shift-Dir - straight line, f/p - sky beast
Aim: a sky beast (severely wounded)
The flame tongue hits the sky beast.
The sky beast is severely wounded.
The cyclops throws a large rock.
The large rock hits you!!!
Ouch! That really hurt!
Casting: Flame Tongue
Confirm with . or Enter, or press ? or * to list all spells.
Aiming: Flame Tongue
Press: ? - help, Shift-Dir - straight line, f/p - sky beast
Aim: a sky beast (severely wounded)
The flame tongue hits the sky beast.
You kill the sky beast!
Vehumet accepts your kill.
You feel your power returning.
The cyclops throws a large rock.
The large rock hits you!!!
Ouch! That really hurt!
You die...

#.# #.##.# #.#.# #.##.#
#.#.# #.##.##### # #.#.#
#.##.....## ##. ..#.#
#.######... ... #.#.#
#.##...#### . .. #.#.#
#.##.......
#...#.#.#.####.##...####
.......@...........##
##.#...#.#####.#####
......##.##....# ....##
#.##.#### ####### ...
#.#...# #...... .#
####.#...### #.#####
.[..C......###.#
.............#.#####
##.#.......#.#......


You could see a cyclops.

Vanquished Creatures
  Josephine (D:10)
  Fannar (D:10)
  Erica (D:8)
  Urug (D:10)
  A hill giant (D:10)
  A deep elf mage (D:9)
  Pikel (D:5)
  Maurice (D:8)
  2 centaur skeletons (D:10)
  A gargoyle (D:11)
  A queen bee (D:8)
  A troll (D:9)
  4 yaks (D:10)
  Sigmund (D:4)
  3 wraiths (D:10)
  3 wolves (D:8)
  Grum (D:8)
  3 hippogriffs
  A water moccasin (D:10)
  2 wyverns
  A hungry ghost (D:11)
  A wasp (D:8)
  5 orc warriors
  3 ice beasts
  5 sky beasts
  2 phantoms
  3 necrophages
  2 ogres
  4 centaurs
  A black bear (D:6)
  Blork the orc (D:4)
  4 giant frogs
  A big kobold (D:9)
  A gnoll sergeant (D:6)
  A scorpion (D:10)
  A wyvern skeleton (D:9)
  23 killer bees
  A giant frog zombie (D:5)
  An electric eel (D:9)
  6 crimson imps
  A centaur zombie (D:7)
  Crazy Yiuf (D:7)
  5 giant frog skeletons
  9 orc wizards
  8 orc priests
  8 hounds
  An iguana (D:11)
  Jessica (D:2)
  A gnoll shaman (D:7)
  4 quasits
  12 worker ants
  3 sheep (D:11)
  2 hound skeletons
  2 worker ant zombies
  16 gnolls
  12 adders
  A shadow imp (D:5)
  2 adder skeletons (D:4)
  2 adder zombies
  A worm (D:3)
  12 giant geckos
  55 orcs
  2 ball pythons
  5 bats
  7 giant cockroaches
  5 goblins
  9 hobgoblins
  14 jackals
  6 quokkas
  A giant gecko skeleton (D:6)
  6 giant newts
  A jackal zombie (D:6)
  14 kobolds
  12 rats
339 creatures vanquished.

Vanquished Creatures (others)
  Menkaure (D:5)
  A slave (D:5)
  A worm (D:5)
  A giant gecko (D:5)
  An orc (D:5)
  A giant newt (D:5)
6 creatures vanquished.

Grand Total: 345 creatures vanquished

Notes
Turn   | Place    | Note
--------------------------------------------------------------
     0 | D:1      | namelastname112 the Draconian Fire Elementalist began the quest for the Orb.
     0 | D:1      | Reached XP level 1. HP: 14/14 MP: 3/3
   280 | D:1      | Reached XP level 2. HP: 2/20 MP: 0/5
  1060 | D:1      | Reached XP level 3. HP: 19/26 MP: 6/6
  1180 | D:2      | Noticed Jessica
  1183 | D:2      | Killed Jessica
  1188 | D:2      | Reached XP level 4. HP: 25/33 MP: 1/8
  1828 | D:3      | Found a stormy altar of Qazlal.
  1830 | D:3      | Found a radiant altar of Vehumet.
  2063 | D:3      | Became a worshipper of Vehumet
  2658 | D:4      | Noticed Blork the orc
  2669 | D:4      | Killed Blork the orc
  2669 | D:4      | Reached XP level 5. HP: 16/38 MP: 2/10
  3116 | D:4      | Noticed Sigmund
  3158 | D:4      | Reached skill level 4 in Conjurations
  3464 | D:4      | Killed Sigmund
  3464 | D:4      | Reached XP level 6. HP: 22/45 MP: 3/12
  3734 | D:4      | Reached * piety under Vehumet
  3734 | D:4      | Offered knowledge of Magic Dart by Vehumet.
  3810 | D:4      | Reached skill level 5 in Conjurations
  3830 | D:4      | Your scales start taking on a golden yellow colour.
  3830 | D:4      | Reached XP level 7. HP: 46/50 MP: 10/14
  3845 | D:4      | Learned a level 3 spell: Conjure Flame
  3995 | D:5      | Entered Level 5 of the Dungeon
  4004 | D:5      | Noticed Pikel
  4090 | D:4      | Learned a level 4 spell: Sticky Flame
  4104 | D:5      | Found Wuinung's Assorted Antiques.
  4108 | D:5      | Bought a blackened steel ring for 145 gold pieces
  4108 | D:5      | Bought a scroll labeled SIPUXA AKOKE for 29 gold pieces
  4111 | D:5      | Found an oddly glowing altar of Pakellas.
  4360 | D:5      | Killed Pikel
  4360 | D:5      | Reached skill level 5 in Spellcasting
  4360 | D:5      | Reached skill level 5 in Fire Magic
  4360 | D:5      | Reached XP level 8. HP: 37/57 MP: 2/16
  4492 | D:5      | Killed Menkaure
  4714 | D:5      | Reached skill level 6 in Conjurations
  5107 | D:5      | Found a staircase to the Ecumenical Temple.
  5112 | Temple   | Entered the Ecumenical Temple
  5311 | D:6      | Gained mutation: Your large and strong wings let you fly indefinitely. [mutagenic meat]
  5312 | D:6      | Gained mutation: You have sharp fingernails. [mutagenic meat]
  5313 | D:6      | Gained mutation: You are robust (+10% HP). [mutagenic meat]
  5314 | D:6      | Gained mutation: Your flesh is cold resistant. [mutagenic meat]
  5315 | D:6      | Lost mutation: You have sharp fingernails. [mutagenic meat]
  5645 | D:6      | Offered knowledge of Throw Frost by Vehumet.
  5645 | D:6      | Reached skill level 7 in Fire Magic
  5652 | D:6      | Reached ** piety under Vehumet
  6353 | D:7      | Reached XP level 9. HP: 62/68 MP: 13/18
  6492 | D:7      | Found Paputwalo's Assorted Antiques.
  6512 | D:7      | Bought an opal ring for 140 gold pieces
  6678 | D:7      | Found an oddly glowing altar of Pakellas.
  6748 | D:7      | Found a sacrificial altar of Ru.
  6852 | D:7      | Reached skill level 8 in Fire Magic
  6893 | D:7      | Offered knowledge of Static Discharge by Vehumet.
  7007 | D:7      | Noticed Crazy Yiuf
  7014 | D:7      | Killed Crazy Yiuf
  8192 | D:8      | Learned a level 5 spell: Fireball
  8205 | D:8      | Reached skill level 9 in Fire Magic
  8209 | D:8      | Lost mutation: You are robust (+10% HP). [mutagenic meat]
  8210 | D:8      | Gained mutation: You occasionally shout uncontrollably at your foes. [mutagenic meat]
  8211 | D:8      | Gained mutation: Your flesh is heat resistant. [mutagenic meat]
  8212 | D:8      | Gained mutation: You sometimes yell uncontrollably at your foes. [mutagenic meat]
  8213 | D:8      | Lost mutation: Your flesh is heat resistant. [mutagenic meat]
  8326 | D:8      | Reached *** piety under Vehumet
  8594 | D:8      | Reached XP level 10. HP: 69/69 MP: 5/21
  8595 | D:8      | Offered knowledge of Dazzling Spray by Vehumet.
  8596 | D:8      | Noticed Maurice
  8596 | D:8      | Reached skill level 10 in Fire Magic
  8898 | D:8      | Noticed Grum
  8909 | D:8      | Noticed Erica
  8910 | D:8      | Killed Grum
  9125 | D:8      | Killed Maurice
  9954 | D:8      | Killed Erica
  9954 | D:8      | Reached skill level 11 in Fire Magic
 10235 | D:9      | Found a staircase to the Lair.
 10805 | D:8      | Reached **** piety under Vehumet
 10930 | D:9      | Offered knowledge of Ignite Poison by Vehumet.
 11253 | D:9      | Found a staircase to the Orcish Mines.
 11333 | D:9      | Reached XP level 11. HP: 62/74 MP: 23/23
 11587 | D:9      | Got a pair of shimmering boots
 11605 | D:9      | Identified the cursed +0 pair of boots "Vuefebbo" {*Confuse Int+5} (You found it on level 9 of the Dungeon)
 12051 | D:10     | Entered Level 10 of the Dungeon
 12056 | D:10     | Noticed a hill giant
 12302 | D:10     | Reached skill level 12 in Fire Magic
 12324 | D:10     | Noticed a hill giant
 12349 | D:10     | Killed a hill giant
 12358 | D:10     | Learned a level 3 spell: Ignite Poison
 12596 | D:10     | Noticed Fannar
 12600 | D:10     | Killed Fannar
 12802 | D:10     | Noticed Urug
 12806 | D:10     | Killed Urug
 12809 | D:10     | Reached ***** piety under Vehumet
 12810 | D:10     | Noticed Josephine
 12811 | D:10     | Offered knowledge of Freezing Cloud by Vehumet.
 13271 | D:10     | Killed Josephine
 13277 | D:10     | Reached skill level 10 in Conjurations
 13976 | D:11     | Reached skill level 13 in Fire Magic
 14765 | D:11     | Hit by a large rock thrown by a cyclops

Vault maps used:
D:1:      evilmike_arrival_rings
D:2:      uniq_jessica
D:3:      grunt_temple_overflow_open, minmay_surrounded
D:4:      minmay_misc_feat_plants, uniq_blork_the_orc, uniq_sigmund
D:5:      nicolae_overflow_crystal_walls, minmay_temple_entry_nine_rooms,
          first_bread, serial_shops, shop, uniq_pikel, uniq_menkaure
D:7:      lemuel_upstairs_altar, nicolae_ru_great_annihilating_truth,
          serial_shops, shop, grunt_pakellas_salt, uniq_crazy_yiuf_cottage
D:8:      david_nohive_1, uniq_grum, uniq_erica, uniq_maurice
D:9:      dpeg_oklobed_lair, hiddenorc2_lemuel, minivault_4
D:10:     uniq_josephine, uniq_urug, uniq_fannar
Temple:   lightli_temple_of_artemis

Action                   |  1- 3 |  4- 6 |  7- 9 | 10-12 || total
-------------------------+-------+-------+-------+-------++-------
Melee: Unarmed           |    12 |       |       |       ||    12
       Dagger            |    57 |   109 |   121 |       ||   287
       Quarterstaff      |       |       |    74 |    91 ||   165
 Cast: Flame Tongue      |    28 |    74 |   200 |   243 ||   545
       Conjure Flame     |       |       |    14 |     9 ||    23
       Sticky Flame      |       |       |    22 |    28 ||    50
       Fireball          |       |       |     3 |    66 ||    69
 Abil: Fly               |       |       |     1 |       ||     1
  Use: Potion            |       |     7 |       |     2 ||     9
       Scroll            |       |    13 |     2 |     3 ||    18
 Stab: Sleeping          |     1 |     3 |     5 |       ||     9
       Paralysed         |       |       |     1 |       ||     1
  Eat: Chunk             |     1 |     7 |    21 |    12 ||    41
       Beef jerky        |       |     1 |     1 |       ||     2
       Fruit             |       |       |     2 |     2 ||     4
       Pizza             |       |       |     1 |     2 ||     3
       Meat ration       |       |       |     1 |     2 ||     3
       Royal jelly       |       |       |       |     5 ||     5
